 Dungeon Crawl Stone Soup version 0.17.0-28-g6e173f8 (webtiles) character file.

91 coffecat the Sneak (level 4, 0/31 HPs)
             Began as a Vampire Enchanter on Nov 26, 2015.
             Succumbed to a worker ant's poison
             ... on level 5 of the Dungeon.
             The game lasted 00:19:48 (2504 turns).

coffecat the Sneak (Vampire Enchanter)              Turns: 2504, Time: 00:19:48

Health: 0/31       AC:  4    Str:  7    XL:     4   Next: 34%
Magic:  4/7        EV: 16    Int: 18    God:
Gold:   133        SH:  0    Dex: 14    Spells: 3 memorised, 2 levels left

rFire  . . .     SeeInvis +     a - +1 dagger
rCold  + . .     Clarity  .     b - +1 robe
rNeg   + + .     SustAt   .     (no shield)
rPois  +         Gourm    .     i - +0 helmet
rElec  .         Spirit   .     (no cloak)
rCorr  .         Warding  .     (no gloves)
rMut   .         Stasis   .     (no boots)
MR     .....                    (no amulet)
Stlth  +++.......               (no ring)
                                n - +3 ring of evasion

@: lethally poisoned (0 -> -8), regenerating slowly, not resistant to hostile
enchantments, fairly stealthy
A: fangs 3, see invisible, unbreathing
a: Bat Form


You were on level 5 of the Dungeon.
You were thirsty.

You visited 1 branch of the dungeon, and saw 5 of its levels.

You collected 133 gold pieces.

Inventory:

Hand Weapons
 a - a +1 dagger (weapon)
Armour
 b - a +1 robe (worn)
 i - a +0 helmet (worn)
Jewellery
 n - a +3 ring of evasion (left hand)
Scrolls
 e - a scroll of identify
 f - a scroll of remove curse
 g - a scroll of immolation {unknown}
 j - a scroll of noise {unknown}
 l - a scroll of recharging {unknown}
 m - a scroll of fear {unknown}
 o - 2 scrolls of enchant armour {unknown}
Potions
 d - 3 potions of blood
 h - 2 potions of curing {unknown}
Books
 c - a book of Maledictions

   Spells                             Type                      Level
   a - Corona                         Hexes                        1
   b - Ensorcelled Hibernation        Hexes/Ice                    2
   c - Confuse                        Hexes                        3
   d - Tukima's Dance                 Hexes                        3
   e - Dazzling Spray                 Conjuration/Hexes            3
Comestibles
 k - 2 bread rations


   Skills:
 + Level 0.8 Fighting
 + Level 1.7 Short Blades
 + Level 2.9 Dodging
 + Level 5.4 Stealth
 + Level 2.5 Spellcasting
 + Level 5.2 Hexes


You had 2 spell levels left.
You knew the following spells:

 Your Spells              Type           Power        Failure   Level  Hunger
a - Corona                Hex            ###....      1%          1    #......
b - Ensorcelled Hibernat  Hex/Ice        ##....       12%         2    ##.....
c - Confuse               Hex            ###.....     10%         3    ###....


Dungeon Overview and Level Annotations

Branches:
Dungeon (5/15)
 Temple: D:4-7

Altars:
Fedhas
Trog


Innate Abilities, Weirdness & Mutations

You heal slowly.
You have razor-sharp teeth.
You have supernaturally acute eyesight.
You can survive without breathing.


Message History

The worker ant bites you.
You closely miss the worker ant. Your bite misses the worker ant.
The worker ant is severely wounded.
The worker ant bites you.
* * * LOW HITPOINT WARNING * * *
You can't go up here!
The worker ant bites you.
* * * LOW HITPOINT WARNING * * *
You are lethally poisoned!
The worker ant poisons you!
You slide downwards.
The hatch slams shut behind you.
* * * LOW HITPOINT WARNING * * *
You feel sick.
Found 18 gold pieces.
* * * LOW HITPOINT WARNING * * *
You feel sick. The worker ant closely misses you.
* * * LOW HITPOINT WARNING * * *
You feel sick.
You die...

............#####....... #.....
.....................# #.....
.....................# ....
.................#+### ...
.......#####.....# #.# ..######
#.....# .######.## ..# #....a#
.......... w.# ..#.....#
.......... ..# ..'..[.@#
.######.## ### ..#.....# ####
####.## ..+ #...#.....#
#....#.....#
.#######...#.....#####....'.....#
.##...##...'.....'..##...###..###
......#....#.....#..##...###'##..
......#....#.....#............#..
.##...##...#.....'............#..
########...#.....#####........'..


You could see a worker ant.

Vanquished Creatures
  A giant frog zombie (D:5)
  2 adders
  A worm (D:2)
  A giant gecko (D:1)
  An orc (D:5)
  2 ball pythons (D:1)
  5 bats (D:1)
  2 giant cockroaches (D:1)
  4 hobgoblins
  2 kobolds
  4 quokkas
  A giant newt (D:1)
  7 goblins
  2 rats
35 creatures vanquished.

Notes
Turn   | Place    | Note
--------------------------------------------------------------
     0 | D:1      | coffecat the Vampire Enchanter began the quest for the Orb.
     0 | D:1      | Reached XP level 1. HP: 13/13 MP: 3/3
   120 | D:1      | Reached XP level 2. HP: 19/19 MP: 1/5
   664 | D:1      | Learned a level 2 spell: Ensorcelled Hibernation
   856 | D:2      | Reached skill level 5 in Hexes
   856 | D:2      | Reached XP level 3. HP: 24/24 MP: 6/6
   861 | D:2      | Found a blossoming altar of Fedhas.
   980 | D:2      | Found a bloodstained altar of Trog.
  1147 | D:2      | Learned a level 3 spell: Confuse
  1297 | D:3      | You fall through a shaft for 2 floors!
  1297 | D:5      | Entered Level 5 of the Dungeon
  1336 | D:5      | Reached skill level 5 in Stealth
  1533 | D:5      | Reached XP level 4. HP: 9/31 MP: 3/7
  2502 | D:5      | HP: 1/31 [poisoned by a worker ant]
  2504 | D:5      | Succumbed to a worker ant's poison

Action                   |  1- 3 |  4- 6 || total
-------------------------+-------+-------++-------
Melee: Dagger            |   116 |    35 ||   151
 Cast: Corona            |    15 |     1 ||    16
       Ensorcelled Hiber |     7 |     1 ||     8
       Confuse           |     3 |     4 ||     7
  Use: Potion            |     3 |     2 ||     5
       Scroll            |       |     2 ||     2
 Stab: Sleeping          |    10 |     1 ||    11
       Confused          |     2 |       ||     2
